Map: Ulrena

Players

pupu

  • Race: Protoss Protoss
  • League: Silver

Craftausorur - Winner!

  • Race: Protoss Protoss
  • League: Silver

VOD

Have the link to the VOD?

Description

Time

  • Played on: April 4, 2016, 12:38 p.m.
  • Length: 10:45
Show
View Real Time Build Order
Export as new Build Order

pupu Protoss 

Build Orders: Oracle Opening 

Get SALT Encoding   

  12  0:01  Probe (Chrono Boost)  
  13  0:11  Probe (Chrono Boost)  
  14  0:20  Pylon  
  14  0:22  Probe (Chrono Boost)  
  15  0:38  Probe (Chrono Boost), Gateway  
  16  0:48  Assimilator  
  16  0:49  Probe (Chrono Boost)  
  17  0:55  Assimilator  
  17  1:00  Probe (Chrono Boost)  
  18  1:11  Forge  
  18  1:14  Probe (Chrono Boost)  
  19  1:25  Pylon  
  19  1:32  Cybernetics Core  
  19  1:34  Probe (Chrono Boost)  
  20  1:45  Probe (Chrono Boost)  
  21  1:55  Probe (Chrono Boost)  
  22  2:02  Gateway  
  22  2:07  Pylon  
  22  2:15  Stargate  
  22  2:16  Probe (Chrono Boost)  
  23  2:24  Adept  
  23  2:29  Warp Gate (Chrono Boost)  
  25  2:38  Probe  
  25  2:40  Photon Cannon  
  26  2:59  Oracle (Chrono Boost)  
  26  3:04  Stalker  
  26  3:05  Stalker  
  33  3:15  Photon Cannon  
  33  3:36  Oracle (Chrono Boost)  
  33  3:40  Stalker  
  38  3:48  Pylon  
  38  4:06  Mothership Core  
  40  4:17  Nexus  
  40  4:23  Pylon  
  40  4:57  Stalker x2  
  44  5:03  Gateway  
  44  5:06  Gateway  
  44  5:10  Protoss Ground Weapons Level 1 (Chrono Boost)  
  36  6:02  Zealot x2  
  40  6:13  Stalker  
  40  6:18  Probe  
  40  6:20  Probe  
  40  6:22  Stalker x3  
  42  6:40  Stalker  
  44  6:50  Pylon  
  44  6:51  Stalker x3  
  44  6:53  Pylon  
  50  6:56  Probe  
  50  6:57  Pylon  
  50  6:58  Probe  
  52  7:03  Protoss Ground Armor Level 1 (Chrono Boost)  
  52  7:04  Stalker  
  54  7:10  Probe  
  54  7:14  Oracle  
  58  7:16  Gateway  
  58  7:48  Probe  
  58  7:49  Probe  
  60  7:52  Stalker x3  
  60  7:53  Stalker  
  68  8:01  Probe  
  69  8:22  Stalker x2  
  69  8:23  Stalker x2  
  73  8:46  Zealot x2  
  73  8:47  Zealot x2  
  81  9:17  Gateway  
  81  9:20  Pylon, Gateway  
  81  9:21  Pylon  
  81  9:22  Pylon  
  81  9:26  Assimilator  
  81  9:57  Zealot  
  81  9:58  Zealot x4  
  91  10:03  Gateway  
  91  10:05  Probe, Pylon  
  92  10:07  Probe, Pylon  
  69  10:31  Zealot x4  
  69  10:32  Zealot  
Show
View Real Time Build Order
Export as new Build Order

Craftausorur Protoss - Winner!

Build Orders: 1 Gate Expand 

Get SALT Encoding   

  12  0:03  Probe (Chrono Boost)  
  13  0:13  Probe (Chrono Boost)  
  14  0:20  Pylon  
  14  0:24  Probe (Chrono Boost)  
  15  0:38  Gateway  
  15  0:39  Probe (Chrono Boost)  
  16  0:47  Assimilator  
  16  0:49  Probe (Chrono Boost)  
  17  1:00  Probe (Chrono Boost)  
  18  1:17  Probe (Chrono Boost)  
  19  1:27  Nexus  
  19  1:39  Cybernetics Core  
  19  1:43  Pylon  
  19  1:48  Probe (Chrono Boost)  
  20  2:00  Gateway  
  20  2:04  Assimilator  
  20  2:13  Probe (Chrono Boost)  
  21  2:19  Warp Gate (Chrono Boost)  
  21  2:24  Probe  
  22  2:32  Stalker  
  22  2:36  Probe  
  25  2:42  Probe  
  26  2:47  Stalker  
  26  2:48  Probe  
  29  2:52  Probe  
  30  3:00  Probe  
  30  3:02  Stalker  
  33  3:15  Probe  
  33  3:17  Probe  
  35  3:26  Probe  
  35  3:29  Probe  
  37  3:36  Probe  
  37  3:37  Gateway  
  37  3:39  Gateway  
  37  3:40  Stalker  
  37  3:41  Probe  
  41  3:47  Probe  
  41  3:52  Robotics Facility  
  42  4:01  Pylon  
  42  4:04  Probe  
  42  4:05  Probe  
  42  4:08  Stalker  
  46  4:18  Probe  
  46  4:19  Probe  
  48  4:24  Pylon  
  48  4:27  Twilight Council  
  48  4:31  Forge  
  43  4:54  Immortal  
  47  5:01  Probe  
  47  5:02  Probe  
  49  5:07  Protoss Ground Weapons Level 1 (Chrono Boost)  
  49  5:13  Probe  
  50  5:14  Probe  
  50  5:15  Stalker x4  
  59  5:21  Blink  
  57  5:28  Forge  
  57  5:37  Observer  
  58  6:05  Stalker x2  
  56  6:42  Stalker x3  
  62  6:50  Pylon  
  62  7:02  Assimilator  
  62  7:04  Assimilator  
  62  7:08  Probe x2  
  64  7:13  Protoss Ground Armor Level 1 (Chrono Boost)  
  64  7:19  Immortal  
  64  7:20  Probe x2  
  70  7:37  Pylon  
  70  7:40  Pylon  
  70  7:42  Probe x2  
  70  7:52  Pylon  
  70  7:55  Probe  
  70  7:56  Zealot  
  70  7:57  Zealot x2  
  77  8:02  Immortal  
  77  8:09  Gateway  
  77  8:10  Gateway  
  77  8:12  Gateway  
  69  8:58  Immortal  
  69  9:02  Pylon  
  69  9:08  Probe  
  69  9:09  Probe  
  75  9:14  Zealot x4  
  83  9:20  Probe  
  83  9:21  Probe  
  85  9:25  Dark Shrine  
  85  9:35  Observer  
  77  10:02  Stalker x5  
  77  10:03  Stalker  
Tags
 
Add a new tag
Caveats
  • Supply blocks, unpowered buildings, or Contaminate may cause inaccurate times.
  • Supply counts are checked every 10 seconds.